 Dungeon Crawl Stone Soup version 0.16-a0-3909-g31f9ca0 (console) character file.

1604 Monkaria the Cleaver (level 8, -6/66 HPs)
             Began as a Hill Orc Fighter on Feb 3, 2015.
             Mangled by an orc warrior
             ... wielding a +0 mace
              (9 damage)
             ... on level 6 of the Dungeon.
             The game lasted 00:11:54 (7723 turns).

Monkaria the Cleaver (Hill Orc Fighter)             Turns: 7723, Time: 00:11:54

Health: -6/66      AC: 12    Str: 26    XL:     8   Next: 94%
Magic:  8/8        EV:  8    Int:  8    God:
Gold:   307        SH:  9    Dex: 10    Spells: 0 memorised, 7 levels left

rFire  . . .     SeeInvis .     a - +1 war axe
rCold  . . .     Clarity  .     b - +0 scale mail
rNeg   . . .     SustAb   .     c - +0 shield
rPois  .         Gourm    .     A - +0 helmet
rElec  .         Spirit   .     B - +1 cloak
rCorr  .         Warding  .     F - +0 pair of gloves
rMut   .         Stasis   .     (no boots)
MR     .....                    (no amulet)
Stlth  ..........               L - +5 ring of strength
                                K - ring of flight

@: not resistant to hostile enchantments, extremely unstealthy
A: no striking features
a: Evoke Flight


You were on level 6 of the Dungeon.
You were not hungry.

You visited 1 branch of the dungeon, and saw 6 of its levels.
You also visited: Sewer.

You collected 307 gold pieces.

Inventory:

Hand weapons
 a - a +1 war axe (weapon)
 s - a +0 blowgun
Missiles
 q - 93 poisoned needles
 G - 5 needles of paralysis
Armour
 b - a +0 scale mail (worn)
 c - a +0 shield (worn)
 A - a +0 helmet (worn)
 B - a +1 cloak (worn)
 F - a +0 pair of gloves (worn)
Jewellery
 i - an uncursed ring of ice
 v - an uncursed ring of sustain abilities
 D - an uncursed ring of invisibility
 E - an uncursed ring of wizardry
 J - an uncursed ring of teleportation
 K - a ring of flight (left hand)
 L - a +5 ring of strength (right hand)
Scrolls
 k - a scroll of enchant weapon
 l - a scroll of blinking {unknown}
 m - 3 scrolls of remove curse
 o - 3 scrolls of teleportation {unknown}
 p - a scroll of immolation {unknown}
 y - 2 scrolls of noise {unknown}
 z - a scroll of magic mapping
 H - a scroll of fog
 M - a scroll of fear {unknown}
Potions
 e - 5 potions of might
 f - a potion of restore abilities
 j - a potion of cancellation {unknown}
 n - a potion of lignification
 r - 2 potions of agility
 t - 3 potions of curing
 u - 2 potions of heal wounds
 w - 2 potions of flight
 x - 2 potions of mutation
Books
 g - a book of the Dragon

   Spells                             Type                      Level
   a - Flight                         Charms/Air                   3
   b - Cause Fear                     Hexes                        4
   c - Bolt of Fire                   Conjuration/Fire             6
   d - Dragon Form                    Transmutation                7
   e - Dragon's Call                  Summoning                    9
 I - a book of the Sky

   Spells                             Type                      Level
   a - Flight                         Charms/Air                   3
   b - Airstrike                      Air                          4
   c - Silence                        Hexes/Air                    5
   d - Deflect Missiles               Charms/Air                   6
   e - Conjure Ball Lightning         Conjuration/Air              6
   f - Tornado                        Air                          9
Comestibles
 d - 2 meat rations
 h - 3 bread rations
 C - a royal jelly


   Skills:
 - Level 4.3 Fighting
 - Level 12.1 Axes
 + Level 6.4 Armour
 - Level 1.0 Dodging
 - Level 3.2 Shields


You had 7 spell levels left.
You didn't know any spells.

Dungeon Overview and Level Annotations

Branches:
Dungeon (6/15)
 Temple: D:4-7

Altars:
Okawaru
Sif Muna
Trog
Vehumet

Annotations:
D:6 Somebody's ghost, experienced NaWz


Message History

You slash the orc warrior!
The orc warrior is heavily wounded.
You block the orc warrior's attack.
Drink which item? (? for menu, Esc to quit)
You feel much better.
You closely miss the orc warrior.
The orc warrior is heavily wounded.
The orc warrior hits you with a mace.
You hit the orc warrior but do no damage.
The orc warrior is heavily wounded.
The orc warrior hits you with a mace!
* * * LOW HITPOINT WARNING * * *
You hit the orc warrior but do no damage.
The orc warrior is heavily wounded.
The orc warrior hits you with a mace!
* * * LOW HITPOINT WARNING * * *
You barely miss the orc warrior.
The orc warrior is heavily wounded.
The orc warrior hits you with a mace!
You die...

#.####.# #..#.. #.# #.#
#>...# #.# #.# #.#.##
.#######.####.####.#.#
....................#.#
....##########.##.###.##
..... ######.##.# #...
......Y###<.....##.# ####
.....goo@))........######
#.....####.#######.......
... #.# ######## . #.#
#.. ###


You could see an orc warrior, an ice beast, an orc and a hobgoblin.

Vanquished Creatures
  Grinder (D:6)
  Menkaure (D:4)
  An ice beast (D:3)
  An ogre (D:6)
  An orc warrior (D:6)
  A phantom (D:4)
  Sigmund (D:6)
  Duvessa (D:4)
  A big kobold (Sewer)
  A scorpion (D:6)
  A goliath beetle (D:6)
  3 orc priests
  Dowan (D:4)
  A hound (D:5)
  A jelly (D:4)
  4 worker ants
  An orc wizard (D:6)
  Terence (D:2)
  3 gnolls (D:4)
  6 river rats (Sewer)
  9 adders
  4 giant mites
  2 worms
  A giant gecko (D:1)
  3 oozes
  14 orcs
  7 ball pythons
  5 giant cockroaches
  8 goblins
  14 hobgoblins
  8 jackals (D:1)
  5 quokkas
  4 bats
  A giant cockroach zombie (D:5)
  A giant gecko zombie (D:5)
  3 giant newts
  25 kobolds
  A quokka zombie (D:6)
  31 rats
178 creatures vanquished.

Notes
Turn   | Place    | Note
--------------------------------------------------------------
     0 | D:1      | Monkaria, the Hill Orc Fighter, began the quest for the Orb.
     0 | D:1      | Reached XP level 1. HP: 19/19 MP: 1/1
    82 | D:1      | Reached skill level 4 in Fighting
   102 | D:1      | Reached XP level 2. HP: 18/27 MP: 2/2
   287 | D:1      | Reached XP level 3. HP: 20/33 MP: 3/3
   786 | D:2      | Found an iron altar of Okawaru.
   792 | D:2      | Reached skill level 1 in Dodging
   837 | D:2      | Noticed Terence
   845 | D:2      | Killed Terence
   926 | D:2      | Reached XP level 4. HP: 25/40 MP: 4/4
  1420 | D:3      | Found a glowing drain.
  1433 | D:3      | Reached skill level 5 in Axes
  1503 | Sewer    | Entered a sewer
  1951 | Sewer    | Reached XP level 5. HP: 24/46 MP: 5/5
  2140 | Sewer    | Reached skill level 6 in Axes
  2287 | Sewer    | Noticed a big kobold
  2308 | Sewer    | Killed a big kobold
  2308 | Sewer    | Reached skill level 7 in Axes
  2308 | Sewer    | Reached XP level 6. HP: 13/52 MP: 6/6
  3222 | D:3      | Reached skill level 8 in Axes
  3646 | D:3      | Noticed an ice beast
  3659 | D:3      | Killed an ice beast
  4191 | D:4      | Noticed Duvessa
  4192 | D:4      | Noticed Dowan
  4204 | D:4      | Killed Duvessa
  4204 | D:4      | Reached skill level 9 in Axes
  4204 | D:4      | Reached XP level 7. HP: 53/59 MP: 7/7
  4498 | D:4      | Killed Dowan
  5101 | D:4      | Reached skill level 10 in Axes
  5211 | D:4      | Found a radiant altar of Vehumet.
  5212 | D:4      | Found an iron altar of Okawaru.
  5766 | D:5      | Entered Level 5 of the Dungeon
  5766 | D:5      | Noticed Menkaure
  5796 | D:4      | Killed Menkaure
  5796 | D:4      | Reached skill level 11 in Axes
  5796 | D:4      | Reached XP level 8. HP: 20/66 MP: 8/8
  6281 | D:5      | Found a deep blue altar of Sif Muna.
  6365 | D:5      | Found a bloodstained altar of Trog.
  6595 | D:6      | Noticed Sigmund
  6608 | D:6      | Killed Sigmund
  6611 | D:6      | Noticed Somebody's ghost (experienced NaWz)
  7137 | D:6      | Reached skill level 12 in Axes
  7649 | D:6      | Noticed Grinder
  7661 | D:6      | Paralysed by Grinder for 4 turns
  7672 | D:6      | Killed Grinder
  7672 | D:6      | Reached skill level 5 in Armour
  7722 | D:6      | HP: 2/66 [orc warrior/mace (11)]
  7723 | D:6      | Mangled by an orc warrior

Action                   |  1- 3 |  4- 6 |  7- 9 || total
-------------------------+-------+-------+-------++-------
Melee: War axe           |   106 |   239 |   222 ||   567
  Use: Potion            |       |       |     7 ||     7
       Scroll            |       |       |     8 ||     8
  Eat: Chunk             |       |    11 |    11 ||    22
